 Dungeon Crawl Stone Soup version 0.32-a0-913-g739538afd8 (webtiles) character file.

Game seed: 14319078169769498079

44 SolCadguy the Slasher (level 3, -7/27 HPs)
             Began as a Coglin Gladiator on Apr 7, 2024.
             Mangled by Crazy Yiuf
             ... wielding a +2 quarterstaff of chaos
              (13 damage)
             ... on level 2 of the Dungeon.
             The game lasted 00:04:23 (1479 turns).

SolCadguy the Slasher (Coglin Gladiator)            Turns: 1479, Time: 00:04:25

Health: -7/27      AC:  4    Str: 16    XL:     3   Next: 62%
Magic:  3/3        EV: 11    Int:  7    God:
Gold:   103        SH:  0    Dex: 15    Spells: 2/2 levels left

rFire   . . .        a - +0 long sword {Wenzel}
rCold   . . .        o - +0 short sword {Liang}
rNeg    . . .        b - +0 leather armour
rPois   .            c - +0 helmet
rElec   .            (no cloak)
rCorr   .            (no gloves)
SInv    .            (no boots)
Will    .....        (amulet unavailable)
Stlth   +            (ring unavailable)
HPRegen 0.24/turn    (ring unavailable)
MPRegen 0.08/turn    (no gizmo)

%: no passive effects
@: lethally poisoned (-7 -> -12), revved
A: off-hand wielding, slow wielding, warmup strikes, no jewellery
a: Invent Gizmo


You were on level 2 of the Dungeon.
You visited 1 branch of the dungeon, and saw 2 of its levels.

You collected 103 gold pieces.

Inventory:

Hand Weapons
 a - a +0 long sword (weapon) {Wenzel}
 f - a +0 dagger {Aida}
 o - a +0 short sword (offhand) {Liang}
Missiles
 d - 3 throwing nets
 e - a javelin
 n - 42 stones (quivered)
Armour
 b - a +0 leather armour (worn)
 c - a +0 helmet (worn)
 g - a +0 ring mail
Jewellery
 i - a ring of wizardry
 q - a ring of ice
Scrolls
 k - a scroll of identify {unknown}
 l - a scroll of poison {unknown}
 m - a scroll of enchant weapon {unknown}
 p - a scroll of fear {unknown}
 s - a scroll of vulnerability {unknown}
Potions
 h - 2 potions of curing
 j - a potion of magic {unknown}
 r - a potion of might {unknown}


   Skills:
 - Level 2.0 Fighting
 + Level 4.5 Long Blades
 - Level 1.7 Throwing
 - Level 2.6 Dodging


You had 2 spell levels left.
You didn't know any spells.
Your spell library contained the following spells:

 Spells                   Type           Power      Damage    Failure   Level
 Magic Dart               Conj           0%         1d3       50%         1
 Slow                     Hex            0%         N/A       50%         1
 Blink                    Tloc           0%         N/A       65%         2
 Call Imp                 Summ           0%         N/A       65%         2
 Confusing Touch          Hex            0%         N/A       86%         3
 Vampiric Draining        Necr           0%         2d6       86%         3


Dungeon Overview and Level Annotations

Branches:
Dungeon (2/15)

Altars:
Elyvilon

Annotations:
D:2 Crazy Yiuf


Innate Abilities, Weirdness & Mutations

You can wield a second weapon in your off-hand.
It takes a long time for you to wield or remove held weapons.
Your first few attacks do less damage.
You cannot equip rings or amulets.


Message History

You see here an adder corpse.
You now have 103 gold pieces (gained 18).
You see here an adder corpse.
There is an open door here.
Could not explore, unopened runed door.
No reachable target in view!
It was a potion of curing.
You feel better.
Okay, then.
Okay, then.
As you open the door, it creaks loudly!
You barely miss Crazy Yiuf with your +0 long sword.
You barely miss Crazy Yiuf with your +0 short sword.
Crazy Yiuf zaps a wand.
The puff of flame hits you.
Crazy Yiuf zaps a wand.
The puff of flame misses you.
You hit Crazy Yiuf with your +0 long sword.
Crazy Yiuf is lightly wounded.
You hit Crazy Yiuf but do no damage.
You hit Crazy Yiuf with your +0 short sword.
Crazy Yiuf is moderately wounded.
You hit Crazy Yiuf with your +0 long sword.
Crazy Yiuf closely misses you.
You closely miss Crazy Yiuf with your +0 long sword.
Crazy Yiuf is moderately wounded.
You hit Crazy Yiuf but do no damage.
Crazy Yiuf hits you with a +2 quarterstaff of chaos!
You are poisoned.
Crazy Yiuf cries, "Castle ena spinner!"
Crazy Yiuf zaps a wand.
The puff of flame hits you.
You barely miss Crazy Yiuf with your +0 long sword.
Crazy Yiuf is moderately wounded.
You closely miss Crazy Yiuf with your +0 short sword.
* * * LOW HITPOINT WARNING * * *
You feel sick.
Crazy Yiuf zaps a wand.
The puff of flame misses you.
You barely miss Crazy Yiuf with your +0 short sword.
Crazy Yiuf is moderately wounded.
You hit Crazy Yiuf but do no damage.
* * * LOW HITPOINT WARNING * * *
You feel sick.
Crazy Yiuf hits you with a +2 quarterstaff of chaos!
You die...

#........###...######.........
####....##..........####.........
........'...........#....[.......
####....################.........
..##....# #......... #.##....#
#.##...... ...#....##♣♣ ###
#..#...... #..#.......♣♣ ♣♣#..)#
#..#....>. #..#......).♣♣♣♣@g...#
#..#.#.... #............♣..♣#...#
#....#.### ...#.###....♣.♣♣♣ ###
####.#.#.. ...#....##♣♣♣♣♣
#......... ...###### ####.#.#..
##.# ############## #.#.###
##'#######.......##...# #.#....
......#..........##...#####.#.#..
......#..........##...##....#....


You could see Crazy Yiuf.

Vanquished Creatures
  2 adders (D:2)
  3 dart slugs
  2 bats (D:1)
  3 endoplasms (D:2)
  2 giant cockroaches (D:2)
  A goblin (D:2)
  2 hobgoblins
  2 kobolds (D:2)
  4 rats
21 creatures vanquished.

Notes
Turn   | Place    | Note
-------+----------+-------------------------------------------
     0 | D:1      | SolCadguy the Coglin Gladiator began the quest for the Orb.
     0 | D:1      | Reached XP level 1. HP: 16/16 MP: 1/1
   369 | D:1      | Reached XP level 2. HP: 22/22 MP: 2/2
   568 | D:1      | You fall into a shaft and drop 1 floor!
   751 | D:2      | Reached skill level 4 in Long Blades
  1066 | D:2      | Found a white marble altar of Elyvilon.
  1091 | D:2      | Reached XP level 3. HP: 22/27 MP: 3/3
  1308 | D:2      | Found a runed translucent door.
  1309 | D:2      | Noticed Crazy Yiuf
  1479 | D:2      | Mangled by Crazy Yiuf

Illustrated notes

Levels and vault maps discovered:
D:1:      nzn_arrival_depleted_hourglass, layout_loops_ring
D:2:      layout_basic, basic_altar, uniq_crazy_yiuf_cottage

Skill      XL: |  1  2 |
---------------+-------+-----
Long Blades    | 4 |  4.5
Fighting       | |  2.0
Throwing       | |  1.7
Dodging        | |  2.6

Action                     || total
---------------------------++-------
  Melee: Long sword        ||    53
         Dagger            ||     7
         Short sword       ||    39
    Use: Potion            ||     1
   Stab: Sleeping          ||     1
 Armour: Leather armour    ||    25
  Dodge: Dodged            ||    31

Table legend: (Time is in decaauts)
 A = Elapsed time spent in this place.
 B = Non-inter-level travel time spent in this place.
 C = Inter-level travel time spent in this place.
 D = Time resting spent in this place.
 E = Time spent auto-exploring this place.
 F = Levels seen in this place.
 G = Mean time per level.
                   A        B        C        D        E       F      G
               +--------+--------+--------+--------+--------+-----+--------+
         Total |   1481 |   1481 |      0 |    100 |   1117 |   2 |  740.5 |
       Dungeon |   1481 |   1481 |      0 |    100 |   1117 |   2 |  740.5 |
               +--------+--------+--------+--------+--------+-----+--------+

Top non-repeatable levels by time:
     D:2: 912 daAuts
     D:1: 568 daAuts
